 Dungeon Sprint DCSS version 0.19.0-1-g5985abe (webtiles) character file.

45345 varam the Severer (level 14, 0/116 HPs)
             Began as a Demonspawn Monk on Nov 2, 2016.
             Was the Champion of Qazlal.
             Succumbed to a deep elf annihilator's poison arrow
             ... in the Dungeon (Sprint V: "Ziggurat Sprint") on Nov 3, 2016.
             The game lasted 00:18:29 (1354 turns).

varam the Severer (Demonspawn Monk)                 Turns: 1354, Time: 00:18:30

Health: 0/116      AC: 31    Str: 22    XL:     14   Next: 0%
Magic:  0/28       EV: 18    Int: 12    God:    Qazlal [******]
Gold:   0          SH: 16    Dex: 21    Spells: 0 memorised, 13 levels left

rFire  . . .     SeeInvis +     p - +14 obsidian axe {chop, +Fly SInv *Curse} (curse)
rCold  + + .     Gourm    .     q - +15 Maxwell's patent armour {-Cast -Tele rElec MR+ rCorr}
rNeg   . . .     Faith    .     V - +1 buckler {reflect}
rPois  .         Spirit   +     (helmet unavailable)
rElec  +         Reflect  +     (no cloak)
rCorr  +         Harm     .     (no gloves)
MR     ++...     NoTele   +     (no boots)
Stlth  .......... NoCast   +    (no amulet)
                                x - ring "Ceununyg" {rC+ Str+2 Dex+3}
                                z - +6 ring of strength

@: lethally poisoned (0 -> -7), repel missiles
A: antennae 3, repulsion field 1, cold resistance 1, icemail, magic shield,
magic regeneration, freezing cloud immunity
a: Upheaval, Elemental Force, Disaster Area, Renounce Religion, Evoke Flight


You were in the Dungeon.
You worshipped Qazlal.
Qazlal was exalted by your worship.
You were hungry.

You visited 1 branch

Inventory:

Hand Weapons
 j - a +5 broad axe of chopping
 p - the cursed +14 obsidian axe (weapon) {chop, +Fly SInv *Curse}
   (You found it in the Dungeon)

   It inflicts extra damage upon your enemies.
   It lets you see invisible.
   It lets you fly.
   It may re-curse itself when equipped.
   It has a curse placed upon it.
 N - a +5 executioner's axe
Armour
 k - a +3 large shield
 l - a +3 shield
 m - +5 storm dragon scales
 q - the +15 Maxwell's patent armour (worn) {-Cast -Tele rElec MR+ rCorr}
   (You found it in the Dungeon)

   It insulates you from electricity.
   It affects your resistance to hostile enchantments.
   It prevents spellcasting.
   It prevents most forms of teleportation.
   It protects you from acid and corrosion.
 O - the +18 shield of the Gong {rElec rN+ MR+ EV-5}
   (You found it in the Dungeon)

   It affects your evasion (-5).
   It insulates you from electricity.
   It protects you from negative energy.
   It affects your resistance to hostile enchantments.
 V - a +1 buckler of reflection (worn)
Jewellery
 a - an uncursed ring of magical power
 v - a +6 ring of dexterity
 w - a +6 ring of dexterity
 x - the ring "Ceununyg" (right hand) {rC+ Str+2 Dex+3}
   (You found it in the Dungeon)

   [ring of protection from cold]

   It affects your strength (+2).
   It affects your dexterity (+3).
   It protects you from cold.
 y - an uncursed ring of protection from cold
 z - a +6 ring of strength (left hand)
 A - a +6 ring of strength
 Q - the ring "Cirupime" {rF+ rC+ MR+ Int-5 SInv}
   (You found it in the Dungeon)

   [ring of protection from cold]

   It affects your intelligence (-5).
   It protects you from fire.
   It protects you from cold.
   It affects your resistance to hostile enchantments.
   It lets you see invisible.
 S - a +4 ring of evasion
 T - the ring of Duurchurch {*Corrode rPois Str+2 Int+3 SInv}
   (You found it in the Dungeon)

   [ring of poison resistance]

   It affects your strength (+2).
   It affects your intelligence (+3).
   It protects you from poison.
   It lets you see invisible.
   It may corrode you when you take damage.
 W - an uncursed ring of magical power
 X - the ring of Fuwat {Fire +Blink +Inv MP-9 Dex+3}
   (You found it in the Dungeon)

   [ring of fire]

   It enhances your fire magic.
   It affects your dexterity (+3).
   It protects you from fire.
   It makes you vulnerable to cold.
   It affects your magic capacity (-9).
   It lets you turn invisible.
   It lets you blink.
 Y - an uncursed ring of wizardry
Wands
 r - a wand of disintegration (7/24)
 s - a wand of iceblast (5/15)
 t - a wand of lightning (5/15)
 u - a wand of acid (5/15)
Scrolls
 i - 4 scrolls of blinking
 B - 4 scrolls of amnesia
 C - 3 scrolls of recharging
 D - 7 scrolls of fog
 E - 5 scrolls of identify
 F - 5 scrolls of remove curse
 G - 2 scrolls of fear
 P - 4 scrolls of brand weapon
Potions
 d - 10 potions of curing
 e - 6 potions of heal wounds
 f - 5 potions of haste
 g - 7 potions of magic
 h - 2 potions of berserk rage
 H - 2 potions of brilliance
 I - 2 potions of invisibility
 J - 4 potions of resistance
 K - a potion of experience
 L - 6 potions of agility
 M - 4 potions of might
Miscellaneous
 R - a disc of storms
 U - a lamp of fire
 Z - a phantom mirror
Comestibles
 c - 5 bread rations
 n - 42 fruits
 o - 4 meat rations


   Skills:
 + Level 12.9 Fighting
 - Level 20.6 Axes
 + Level 14.1 Armour
 + Level 12.7 Dodging
 - Level 1.7 Stealth
 - Level 9.7 Shields
 - Level 20.4 Invocations


You had 13 spell levels left.
You didn't know any spells.

Dungeon Overview and Level Annotations

Branches:
Dungeon (1/1)

Altars:
Ashenzari
Cheibriados
Dithmenos
Elyvilon
Fedhas
Gozag
Hepliaklqana
Kikubaaqudgha
Makhleb
Nemelex Xobeh
Okawaru
Qazlal
Ru
Sif Muna
Trog
Uskayaw
Vehumet
Xom
Yredelemnul
Zin
The Shining One
Beogh
Jiyva
Lugonu


Innate Abilities, Weirdness & Mutations

You have a pair of large antennae on your head. (SInv)
You are surrounded by a mild repulsion field. (EV +2)
Your flesh is cold resistant. (rC+)
A meltable icy envelope protects you from harm. (AC +0)
When hurt, damage is shared between your health and your magic reserves.
You regenerate magic rapidly.
You are immune to freezing clouds.


Message History

Qazlal accepts your kill.
Visions of slaying the deep elf annihilator flood into your mind.
The deep elf annihilator casts a spell at you.
The crystal spear hits you!
Ouch! That really hurt!
* * * LOW HITPOINT WARNING * * *
You slice the deep elf annihilator!!
The deep elf annihilator is almost dead.
* * * LOW HITPOINT WARNING * * *
You feel sick.
Unknown command.
You hit the deep elf annihilator.
You are no longer entranced.
You kill the deep elf annihilator!
Qazlal accepts your kill.
Your Armour skill increases to level 14!
You have reached level 14!
Your demonic ancestry asserts itself...
The antennae on your head grow some more.
You die...

▓.........▓
▓▓▓▓▓▓▓▓▓▓▓▓▓.▓.....▓.▓
▓....8©8....▓.........▓
▓..[))))≈[.(▓▓▓▓▓▓▓▓▓▓▓
▓)..[|}.)...▓...8©8...▓
▓.......≈...▓..=4=)[..▓
▓(=≈§.(.≈...▓...[=)...▓
▓.≈.4)§)§..≈▓.........▓
▓))..)@....≈▓.........▓
▓≈.▓.§)).▓..▓.....)...▓
▓▓..§▓▓ ▓.........▓
▓..▓.(..≈▓..▓.▓.....▓.▓
▓...≈.(≈....▓..{......▓
▓▓▓▓▓▓▓▓▓▓▓▓▓▓▓▓▓▓▓▓▓▓▓
▓...8©8[..▓.:.8©8...▓..
▓....}.=[.▓....:.)..▓..
▓.........▓.....))..▓..


You could see a friendly hellwing.

Vanquished Creatures
  2 pandemonium lords (D)
  An Executioner (D)
  A daeva (D)
  A deep elf sorcerer (D)
  A warmonger (D)
  A blood saint (D)
  2 ironheart preservers (D)
  An ophan (D)
  2 apis (D)
  2 deep elf annihilators (D)
  3 dancing weapons (D)
  An orc high priest (D)
  6 deep elf knights (D)
  An unseen horror (D)
  A shadow demon (D)
  3 deep elf archers (D)
  5 deep elf magi (D)
  A cyclops (D)
  An eye of devastation (D)
  A smoke demon (D)
  An orange demon (D)
  A guardian serpent (D)
  A yaktaur (D)
  3 ice devils (D)
  3 merfolk (D)
  2 hippogriffs (D)
  A slime creature (D)
  A fire elemental (D)
  A yak (D)
  A neqoxec (D)
  A floating eye (D)
  2 phantoms (D)
  An eye of draining (D)
  A necrophage (D)
  A wolf (D)
  A centaur (D)
  A wight (D)
  A jelly (D)
  A river rat (D)
  2 oozes (D)
  3 adder zombies (D)
  3 bat skeletons (D)
  2 bat zombies (D)
  A jackal zombie (D)
  A leopard gecko skeleton (D)
  A quokka skeleton (D)
75 creatures vanquished.

Vanquished Creatures (collateral kills)
  A thrashing horror (D)
  A deep elf archer (D)
  A centaur (D)
  An iguana (D)
4 creatures vanquished.

Vanquished Creatures (others)
  A deep elf master archer (D)
  Erica (D)
  Pikel (D)
  Prince Ribbit (D)
  A hippogriff (D)
  Sigmund (D)
  Crazy Yiuf (D)
  Ijyb (D)
8 creatures vanquished.

Grand Total: 87 creatures vanquished

Notes
Turn   | Place    | Note
-------+----------+-------------------------------------------
     0 | D        | varam the Demonspawn Monk began the quest for the Orb.
     0 | D        | Reached XP level 1. HP: 18/18 MP: 1/1
     0 | D        | Found a blossoming altar of Fedhas.
     1 | D        | Found a viscous altar of Jiyva.
     1 | D        | Found a hazy altar of Hepliaklqana.
     1 | D        | Found an ancient bone altar of Kikubaaqudgha.
     1 | D        | Found an opulent altar of Gozag.
     1 | D        | Found a corrupted altar of Lugonu.
    12 | D        | Found a burning altar of Makhleb.
    13 | D        | Found a sacrificial altar of Ru.
    13 | D        | Found a stormy altar of Qazlal.
    13 | D        | Found a deep blue altar of Sif Muna.
    13 | D        | Found an iron altar of Okawaru.
    13 | D        | Found a bloodstained altar of Trog.
    13 | D        | Found a sparkling altar of Nemelex Xobeh.
    37 | D        | Became a worshipper of Qazlal Stormbringer
    37 | D        | Reached * piety under Qazlal
    37 | D        | Reached ** piety under Qazlal
   117 | D        | Entered arena 1.
   117 | D        | Noticed a deep elf knight
   117 | D        | Noticed an orc high priest
   121 | D        | Killed Ijyb
   127 | D        | Killed a deep elf knight
   127 | D        | Reached skill level 7 in Fighting
   127 | D        | Reached skill level 9 in Axes
   127 | D        | Reached skill level 6 in Shields
   127 | D        | Reached skill level 8 in Invocations
   127 | D        | Gained mutation: You have a pair of small antennae on your head. [demonic ancestry]
   127 | D        | Reached XP level 2. HP: 8/31 MP: 1/7
   127 | D        | Reached XP level 3. HP: 9/36 MP: 1/8
   127 | D        | Gained mutation: Your flesh is cold resistant. (rC+) [demonic ancestry]
   127 | D        | Reached XP level 4. HP: 11/43 MP: 1/10
   127 | D        | Reached XP level 5. HP: 12/48 MP: 1/11
   127 | D        | Gained mutation: You have a pair of antennae on your head. [demonic ancestry]
   127 | D        | Reached XP level 6. HP: 14/55 MP: 1/12
   127 | D        | Reached XP level 7. HP: 15/60 MP: 1/13
   140 | D        | Noticed a rust devil
   140 | D        | Noticed a ynoxinul
   142 | D        | Noticed a ynoxinul
   142 | D        | Killed an orc high priest
   142 | D        | Reached skill level 8 in Fighting
   142 | D        | Reached skill level 10 in Axes
   142 | D        | Reached skill level 7 in Shields
   142 | D        | Reached skill level 10 in Invocations
   142 | D        | Reached XP level 8. HP: 21/69 MP: 2/15
   155 | D        | Killed Pikel
   254 | D        | Killed Erica
   290 | D        | Killed Prince Ribbit
   369 | D        | Entered arena 2.
   369 | D        | Noticed a guardian serpent
   369 | D        | Noticed a smoke demon
   369 | D        | Noticed a thrashing horror
   374 | D        | Killed a smoke demon
   374 | D        | Reached skill level 9 in Fighting
   374 | D        | Reached skill level 11 in Axes
   375 | D        | Killed a thrashing horror
   375 | D        | Reached skill level 8 in Shields
   375 | D        | Reached skill level 11 in Invocations
   376 | D        | Killed a guardian serpent
   376 | D        | Reached *** piety under Qazlal
   376 | D        | Reached skill level 12 in Axes
   376 | D        | Gained mutation: When hurt, damage is shared between your health and your magic reserves. [demonic ancestry]
   376 | D        | Reached XP level 9. HP: 50/78 MP: 11/17
   426 | D        | Entered arena 3.
   428 | D        | Reached skill level 12 in Invocations
   431 | D        | Reached skill level 10 in Fighting
   433 | D        | Reached **** piety under Qazlal
   442 | D        | Entered arena 4.
   442 | D        | Noticed a deep elf archer
   442 | D        | Noticed a deep elf knight
   442 | D        | Noticed a deep elf knight
   447 | D        | Killed a deep elf knight
   447 | D        | Reached skill level 9 in Shields
   448 | D        | Reached skill level 13 in Axes
   455 | D        | Killed a deep elf knight
   455 | D        | Reached skill level 13 in Invocations
   458 | D        | Killed a deep elf archer
   458 | D        | Reached ***** piety under Qazlal
   462 | D        | Got the ring of Duurchurch {*Corrode rPois Str+2 Int+3 SInv}
   645 | D        | Killed Sigmund
   676 | D        | Killed Crazy Yiuf
   678 | D        | Entered arena 5.
   678 | D        | Noticed an ironheart preserver
   678 | D        | Noticed a yaktaur
   678 | D        | Noticed an ironheart preserver
   678 | D        | Noticed an unseen horror
   682 | D        | Killed an unseen horror
   682 | D        | Reached skill level 1 in Armour
   682 | D        | Gained mutation: You are immune to freezing clouds. [demonic ancestry]
   682 | D        | Reached XP level 10. HP: 86/86 MP: 18/20
   682 | D        | Reached skill level 2 in Armour
   689 | D        | Killed an ironheart preserver
   689 | D        | Reached skill level 14 in Axes
   689 | D        | Reached skill level 3 in Armour
   689 | D        | Reached skill level 14 in Invocations
   691 | D        | Killed an ironheart preserver
   691 | D        | Reached skill level 15 in Axes
   691 | D        | Reached skill level 5 in Armour
   693 | D        | Reached skill level 15 in Invocations
   837 | D        | Entered arena 6.
   837 | D        | Noticed a trident of protection
   837 | D        | Noticed a deep elf mage
   837 | D        | Noticed a deep elf knight
   837 | D        | Noticed a deep elf mage
   837 | D        | Noticed a deep elf mage
   837 | D        | Noticed a deep elf knight
   841 | D        | Killed a deep elf mage
   841 | D        | Killed a deep elf mage
   841 | D        | Reached skill level 6 in Armour
   842 | D        | Killed a deep elf knight
   842 | D        | Gained mutation: You are surrounded by a mild repulsion field. (EV +2) [demonic ancestry]
   842 | D        | Reached XP level 11. HP: 92/92 MP: 22/22
   845 | D        | Killed a deep elf mage
   845 | D        | Reached ****** piety under Qazlal
   850 | D        | Killed a deep elf knight
   850 | D        | Reached skill level 16 in Axes
   852 | D        | Killed a trident of protection
   852 | D        | Reached skill level 7 in Armour
   852 | D        | Reached skill level 16 in Invocations
   894 | D        | Entered arena 7.
   904 | D        | Reached skill level 3 in Dodging
   907 | D        | Got the ring of Fuwat {Fire +Blink +Inv MP-9 Dex+3}
   916 | D        | Entered arena 8.
   947 | D        | Entered arena 9.
   965 | D        | Entered arena 10.
   971 | D        | Reached skill level 4 in Dodging
   974 | D        | Reached skill level 8 in Armour
   974 | D        | Noticed a sixfirhy
  1009 | D        | Got the ring "Ceununyg" {rC+ Str+2 Dex+3}
  1022 | D        | Entered arena 11.
  1022 | D        | Noticed a daeva
  1022 | D        | Noticed an ophan
  1022 | D        | Noticed an apis
  1023 | D        | Noticed an apis
  1026 | D        | Killed an apis
  1026 | D        | Reached skill level 17 in Axes
  1026 | D        | Reached skill level 5 in Dodging
  1026 | D        | Killed an apis
  1026 | D        | Reached skill level 17 in Invocations
  1026 | D        | Killed a daeva
  1026 | D        | Reached skill level 9 in Armour
  1026 | D        | Reached skill level 6 in Dodging
  1026 | D        | Killed an ophan
  1026 | D        | Gained mutation: A meltable icy envelope protects you from harm. (AC +0) [demonic ancestry]
  1026 | D        | Reached XP level 12. HP: 77/99 MP: 16/24
  1040 | D        | Got the ring "Cirupime" {rF+ rC+ MR+ Int-5 SInv}
  1047 | D        | Identified the Collected Works on Shifting Beguiling (You found it in the Dungeon)
  1122 | D        | Entered arena 12.
  1122 | D        | Noticed a gelid warmonger
  1123 | D        | Noticed an infernal blood saint
  1123 | D        | Noticed Vesh the pandemonium lord
  1123 | D        | Noticed an Executioner
  1124 | D        | Noticed Taopik the pandemonium lord
  1126 | D        | Reached skill level 18 in Axes
  1126 | D        | Reached skill level 7 in Dodging
  1126 | D        | Killed an Executioner
  1126 | D        | Reached skill level 10 in Armour
  1126 | D        | Reached skill level 18 in Invocations
  1126 | D        | Killed a gelid warmonger
  1126 | D        | Killed an infernal blood saint
  1126 | D        | Reached skill level 8 in Dodging
  1131 | D        | Killed Taopik the pandemonium lord
  1131 | D        | Reached skill level 19 in Axes
  1131 | D        | Reached skill level 11 in Armour
  1131 | D        | Reached skill level 10 in Dodging
  1131 | D        | Reached skill level 19 in Invocations
  1131 | D        | Gained mutation: You regenerate magic rapidly. [demonic ancestry]
  1131 | D        | Reached XP level 13. HP: 88/105 MP: 3/26
  1140 | D        | Reached skill level 12 in Armour
  1145 | D        | HP: 6/105 [Vesh the pandemonium lord/bolt of lightning (12)]
  1149 | D        | Killed Vesh the pandemonium lord
  1149 | D        | Reached skill level 20 in Axes
  1149 | D        | Reached skill level 11 in Dodging
  1149 | D        | Reached skill level 20 in Invocations
  1172 | D        | Identified the Compendium of Curses and the Frostbite (You found it in the Dungeon)
  1172 | D        | Identified the Compendium of Curses and the Frostbite (You found it in the Dungeon)
  1339 | D        | Entered arena 13.
  1340 | D        | Noticed a deep elf annihilator
  1340 | D        | Noticed a deep elf sorcerer
  1341 | D        | Noticed a deep elf master archer
  1341 | D        | Noticed a deep elf annihilator
  1342 | D        | Reached skill level 11 in Fighting
  1347 | D        | Reached skill level 13 in Armour
  1351 | D        | Killed a deep elf sorcerer
  1351 | D        | Reached skill level 12 in Fighting
  1351 | D        | Reached skill level 12 in Dodging
  1351 | D        | Killed a deep elf master archer
  1352 | D        | Killed a deep elf annihilator
  1352 | D        | HP: 2/109 [deep elf annihilator/crystal spear (58)]
  1354 | D        | Killed a deep elf annihilator
  1354 | D        | Reached skill level 14 in Armour
  1354 | D        | Gained mutation: You have a pair of large antennae on your head. (SInv) [demonic ancestry]
  1354 | D        | Reached XP level 14. HP: 1/116 MP: 0/28
  1354 | D        | Succumbed to a deep elf annihilator's poison arrow

Skill      XL: |  1  2  3  4  5  6  7  8  9 10 11 12 13 |
---------------+----------------------------------------+-----
Fighting       | 7 8 9 10 12 | 12.9
Axes           | 9 10 12 13 15 17 19 20 | 20.6
Shields        | 6 7 8 9 |  9.7
Invocations    | 8 10 11 13 15 17 19 20 | 20.4
Armour         | 1 6 9 11 14 | 14.1
Dodging        | 6 10 12 | 12.7
Stealth        | |  1.7

Action                   |  1- 3 |  4- 6 |  7- 9 | 10-12 | 13-15 || total
-------------------------+-------+-------+-------+-------+-------++-------
Melee: Hand axe          |     8 |       |     8 |       |       ||    16
       Broad axe         |       |       |    27 |    55 |    16 ||    98
Invok: Upheaval          |       |       |     1 |       |       ||     1
       Disaster Area     |       |       |       |     5 |     2 ||     7
  Use: Potion            |       |       |     2 |     2 |     3 ||     7
       Scroll            |       |       |       |     1 |       ||     1
 Stab: Distracted        |       |       |       |     1 |       ||     1
  Eat: Chunk             |       |       |       |     1 |       ||     1
Armor: Plate armour      |     3 |       |    18 |    30 |    21 ||    72
Dodge: Dodged            |     1 |       |     8 |    36 |    17 ||    62
       Deflected         |       |       |     2 |     6 |     2 ||    10
Block: Shield            |    15 |       |    33 |       |       ||    48
       Buckler           |       |       |     1 |    54 |    12 ||    67
       Reflection        |       |       |       |     9 |     4 ||    13
